 Dungeon Sprint DCSS version 0.31.0-12-g77e489cdc1 (webtiles) character file.

Game seed: 745487300723804240

54930 Minsecho the Shatterer (level 14, -4/261 HPs)
             Began as an Oni Gladiator on Feb 18, 2024.
             Was the Champion of Cheibriados.
             Killed by divine providence
             ... invoked by a smoke demon
              (15 damage)
             ... in the Dungeon (Sprint V: "Ziggurat Sprint").
             The game lasted 00:22:35 (3150 turns).

Minsecho the Shatterer (Oni Gladiator)              Turns: 3150, Time: 00:22:35

Health: -4/261     AC: 30    Str: 40    XL:     14   Next: 75%
Magic:  22/33      EV: 13    Int: 21    God:    Cheibriados [******]
Gold:   9          SH:  0    Dex: 36    Spells: 44/44 levels left

rFire   + + +        O - +7 great mace "Firestarter" {flame, immolate, rFlCloud rF++}
rCold   + + .        (shield currently unavailable)
rNeg    + . .        l - +9 gold dragon scales
rPois   +            c - +0 hat
rElec   .            L - scarf {+Inv}
rCorr   +            (gloves unavailable)
SInv    .            (boots unavailable)
Will    ++++.        Z - amulet of regeneration Stlth
                     I - ring of Ommy {Ice rN+ Will+++ Int-3 Dex+3}
HPRegen 1.43/turn    N - ring of Pocy {rF+ rCorr Str+2 Dex+6 Slay+3}
MPRegen 0.23/turn

%: no teleportation
@: mighty, berserking, spiked, very slow
A: large, unfitting armour, horns 1, tough skin 1, double potion healing,
drunken brawling
a: Renounce Religion, Evoke Invisibility, Bend Time, Temporal Distortion,
Slouch, Step From Time


You were in the Dungeon.
You worshipped Cheibriados.
Cheibriados was exalted by your worship.
You visited 1 branch You collected 9 gold pieces.

Inventory:

Hand Weapons
 o - a +9 demon whip of flaming
 O - the +7 great mace "Firestarter" (weapon) {flame, immolate, rFlCloud rF++}
   (You found it in the Dungeon)

   rFlCloud:  It grants immunity to clouds of flame.
   rF++:      It greatly protects you from fire.
 P - the +8 lance "Wyrmbane" {slay drac, rPois rF+ rC+ AC+3}
   (You found it in the Dungeon)

   AC+3:      It affects your AC (+3).
   rF+:       It protects you from fire.
   rC+:       It protects you from cold.
   rPois:     It protects you from poison
 Q - the +10 dark maul {heavy}
   (You found it in the Dungeon)
 T - the +6 shillelagh "Devastator" {shatter}
   (You found it in the Dungeon)
Missiles
 d - 6 throwing nets
 e - 23 large rocks (quivered)
Armour
 c - a +0 hat (worn)
 l - +9 gold dragon scales (worn)
 n - the +1 gold dragon scales of Life {rPois rF+ rC+ rCorr Str+2}
   (You found it in the Dungeon)

   Str+2:     It affects your strength (+2).
   rF+:       It protects you from fire.
   rC+:       It protects you from cold.
   rPois:     It protects you from poison rCorr: It protects you from acid and
   corrosion.
 L - a scarf of invisibility (worn)
 R - the +18 shield of the Gong {Loud rN+ Will+ rCorr EV-5}
   (You found it in the Dungeon)

   Loud:      It is deafeningly noisy when blocking attacks.
   EV-5:      It affects your evasion (-5).
   rN+:       It protects you from negative energy.
   Will+:     It increases your willpower.
   rCorr:     It protects you from acid and corrosion.
Jewellery
 a - a ring of positive energy
 b - the ring of Jealousy {+Blink rF- rN+ Will+}
   (You found it in the Dungeon)

   [ring of positive energy]

   rF-:       It makes you vulnerable to fire.
   rN+:       It protects you from negative energy.
   Will+:     It increases your willpower.
   +Blink:    It lets you blink.
 f - a ring of ice
 p - a +4 ring of slaying
 q - a ring of protection from fire
 D - a ring of flight
 H - a ring of wizardry
 I - the ring of Ommy (left hand) {Ice rN+ Will+++ Int-3 Dex+3}
   (You found it in the Dungeon)

   [ring of ice]

   Ice:       It enhances your ice magic.
   Int-3:     It affects your intelligence (-3).
   Dex+3:     It affects your dexterity (+3).
   rF-:       It makes you vulnerable to fire.
   rC+:       It protects you from cold.
   rN+:       It protects you from negative energy.
   Will+++:   It greatly increases your willpower.
 J - the ring of the Tortoise {AC+8}
   (You found it in the Dungeon)

   [ring of protection]

   AC+8:      It affects your AC (+8).
 K - a ring of protection from cold
 N - the ring of Pocy (right hand) {rF+ rCorr Str+2 Dex+6 Slay+3}
   (You found it in the Dungeon)

   [ring of dexterity]

   Str+2:     It affects your strength (+2).
   Dex+6:     It affects your dexterity (+6).
   Slay+3:    It affects your accuracy & damage with ranged weapons and melee
   (+3).
   rF+:       It protects you from fire.
   rCorr:     It protects you from acid and corrosion.
 S - a +6 ring of strength
 X - the ring of the City {rC+ Int+5}
   (You found it in the Dungeon)

   [ring of protection from cold]

   Int+5:     It affects your intelligence (+5).
   rC+:       It protects you from cold.
 Y - a ring of see invisible
 Z - an amulet of regeneration (around neck)
Wands
 h - a wand of charming (27)
 m - a wand of flame (41)
 y - a wand of mindburst (23)
 B - a wand of iceblast (34)
 C - a wand of light (1)
 F - a wand of digging (5)
 G - a wand of polymorph (4)
Scrolls
 k - 3 scrolls of blinking
 r - 4 scrolls of amnesia
 s - 6 scrolls of fog
 t - 5 scrolls of identify
 u - 2 scrolls of fear
Potions
 i - 7 potions of magic
 j - 2 potions of berserk rage
 v - 2 potions of brilliance
 w - 2 potions of invisibility
 x - 4 potions of resistance
 A - 4 potions of might
Miscellaneous
 z - a sack of spiders
 E - a phantom mirror
 M - a phial of floods
 V - a tin of tremorstones (2/2)


   Skills:
 + Level 19.9 Fighting
 * Level 22.8 Maces & Flails
 * Level 10.4 Throwing
 + Level 15.3 Armour
 + Level 7.6 Dodging
 - Level 11.7 Shields
 * Level 15.8 Spellcasting
 + Level 15.1 Invocations
 + Level 3.2 Evocations


You had 44 spell levels left.
You didn't know any spells.
Your spell library contained the following spells:

 Spells                   Type           Power      Damage    Failure   Level
 Apportation              Tloc           32%        N/A       28%         1
 Foxfire                  Conj/Fire      64%        2x1d7     28%         1
 Freeze                   Ice            96%        1d10      28%         1
 Magic Dart               Conj           64%        1d6       28%         1
 Necrotise                Necr           64%        1d7       28%         1
 Shock                    Conj/Air       64%        1d7       28%         1
 Sting                    Conj/Alch      64%        1d7       28%         1
 Summon Small Mammal      Summ           64%        N/A       28%         1
 Blink                    Tloc           32%        N/A       41%         2
 Call Imp                 Summ           32%        N/A       41%         2
 Jinxbite                 Hex            32%        N/A       41%         2
 Searing Ray              Conj           32%        2d5       41%         2
 Static Discharge         Conj/Air       32%        3-5/arc   41%         2
 Dazzling Flash           Conj/Hex       32%        N/A       65%         3
 Frozen Ramparts          Ice            48%        1d8       65%         3
 Gell's Gravitas          Tloc           16%        N/A       65%         3
 Hailstorm                Conj/Ice       24%        3d7       65%         3
 Summon Ice Beast         Ice/Summ       24%        N/A       65%         3
 Swiftness                Air            16%        N/A       65%         3
 Teleport Other           Tloc           16%        N/A       65%         3
 Vampiric Draining        Necr           16%        2d7       65%         3
 Volatile Blastmotes      Fire/Tloc      32%        2d12      65%         3
 Airstrike                Air            8%         2d(2-18)  96%         4
 Anguish                  Hex/Necr       8%         N/A       96%         4
 Animate Dead             Necr           16%        N/A       96%         4
 Brom's Barrelling Bould  Conj/Erth      16%        2d4       96%         4
 Cause Fear               Hex            8%         N/A       96%         4
 Fulminant Prism          Conj/Alch      8%         3d7       96%         4
 Ignite Poison            Fire/Alch      16%        N/A       96%         4
 Passage of Golubria      Tloc           16%        N/A       96%         4
 Sticky Flame             Fire/Alch      16%        2d5       96%         4
 Summon Blazeheart Golem  Fire/Summ      16%        N/A       96%         4
 Summon Lightning Spire   Summ/Air       16%        N/A       96%         4
 Alistair's Intoxication  Alch           10%        N/A       100%        5
 Borgnjor's Vile Clutch   Necr/Erth      8%         N/A       100%        5
 Fireball                 Conj/Fire      8%         3d6       100%        5
 Iskenderun's Battlesphe  Conj           16%        2d7       100%        5
 Silence                  Hex/Air        8%         N/A       100%        5
 Summon Mana Viper        Hex/Summ       16%        N/A       100%        5
 Yara's Violent Unravell  Hex/Alch       8%         3d5       100%        5
 Conjure Ball Lightning   Conj/Air       8%         3x3d6     100%        6
 Dispersal                Tloc           8%         N/A       100%        6
 Eringya's Noxious Bog    Alch           8%         4d6       100%        6
 Plasma Beam              Fire/Air       8%         2x1d18    100%        6
 Sculpt Simulacrum        Ice/Alch       12%        N/A       100%        6
 Enfeeble                 Hex            8%         N/A       100%        7
 Haunt                    Necr/Summ      8%         N/A       100%        7
 Malign Gateway           Summ/Tloc      8%         N/A       100%        7
 Monstrous Menagerie      Summ           8%         N/A       100%        7
 Orb of Destruction       Conj           8%         9d6       100%        7
 Ignition                 Fire           8%         3d5       100%        8
 Infestation              Necr           8%         N/A       100%        8
 Lehudib's Crystal Spear  Conj/Erth      8%         10d3      100%        8
 Summon Horrible Things   Summ           8%         N/A       100%        8
 Chain Lightning          Conj/Air       8%         3d10      100%        9
 Death's Door             Necr           8%         N/A       100%        9
 Dragon's Call            Summ           8%         N/A       100%        9
 Fire Storm               Conj/Fire      8%         8d2       100%        9
 Shatter                  Erth           8%         3d10*     100%        9


Dungeon Overview and Level Annotations

Branches:
Dungeon (1/1)

Altars:
Ashenzari
Cheibriados
Dithmenos
Elyvilon
Fedhas
Gozag
Hepliaklqana
Kikubaaqudgha
Makhleb
Nemelex Xobeh
Okawaru
Qazlal
Ru
Sif Muna
Trog
Uskayaw
Vehumet
Wu Jian
Xom
Yredelemnul
Zin
The Shining One
Jiyva
Lugonu


Innate Abilities, Weirdness & Mutations

You are too large for most types of armour.
You have a pair of small horns on your head.
You have tough skin. (AC +1)
You gain doubled healing and magic from potions.
Whenever you drink a healing potion, you attack all around you.


Message History

You hold your ground!
The large abomination closely misses you.
The red devil closely misses you. The soul eater hits you.
* * * LOW HITPOINT WARNING * * *
Qucran sneers, "Thy head shall be my refection!"
Qucran tramples you!!
* * * LOW HITPOINT WARNING * * *
You hold your ground!
Unknown command.
Unknown command.
Unknown command.
You beat Qucran like a drum!!!
You burn Qucran.
Cheibriados appreciates the change of pace.
Qucran explodes!
The fiery explosion engulfs the rust devil.
The rust devil completely resists.
The rust devil is severely wounded.
The fiery explosion engulfs you. You resist.
* * * LOW HITPOINT WARNING * * *
The fiery explosion engulfs Eceful!
Eceful resists.
Eceful is moderately wounded.
The fiery explosion engulfs the smoke demon!
The smoke demon resists.
The smoke demon is severely wounded.
The fiery explosion engulfs the large abomination!!
You destroy the large abomination!
Cheibriados appreciates the change of pace.
The fiery explosion engulfs the tormentor!
The tormentor resists.
You kill the tormentor!
The tormentor disappears in a puff of smoke!
The fiery explosion engulfs the red devil.
The red devil completely resists.
The red devil is severely wounded.
The red devil hits you but does no damage.
The soul eater hits you but does no damage.
The rust devil closely misses you. The smoke demon gestures at you.
Something smites you!
You die...

..).........8▓▓...............▓..
............_▓▓.....6242......▓..
..[.........8▓▓...............▓..
..[.<......._▓▓.....&2........▓..
............8▓▓...............▓..
............_▓▓..§▓....&..▓...▓..
8_8_8_8_8_8_8▓▓§43&§..........▓..
▓▓▓▓▓▓▓▓▓▓▓▓▓▓▓3§§&§..........▓▓▓
▓4@§4...©.......▓..
▓▓▓▓▓▓▓▓▓▓▓▓▓▓▓▓▓.. ▓.. ▓.. ▓..
▓.. ▓). ▓). ▓))


You could see Eceful, Osi Eniz (inner flame), a soul eater, 2 rust devils, a
smoke demon and a red devil.

Vanquished Creatures
  A pandemonium lord (D)
  Polyphemus (D)
  Aizul (D)
  An azure jelly (D)
  A rockslime (D)
  2 balrugs (D)
  Louise (D)
  A demonspawn blood saint (D)
  An orc warlord (D)
  4 ghouls (D)
  4 stone giants (D)
  3 vampire knights (D)
  Nessos (D)
  A yaktaur captain (D)
  Josephine (D)
  2 great orbs of eyes (D)
  12 vault guards (D)
  Harold (D)
  2 dancing weapons (D)
  4 soul eaters (D)
  2 orc high priests (D)
  A skeletal warrior (D)
  2 sun demons (D)
  A sixfirhy (D)
  A glowing orange brain (D)
  2 spriggan druids (D)
  A large abomination (D)
  An ironbound convoker (D)
  An orc sorcerer (D)
  A shining eye (D)
  A necromancer (D)
  A moth of wrath (D)
  Maurice (D)
  3 black mambas (D)
  A rust devil (D)
  2 eyes of devastation (D)
  A smoke demon (D)
  6 cane toads (D)
  4 yaktaurs (D)
  5 komodo dragons (D)
  A red devil (D)
  2 polar bears (D)
  4 wind drakes (D)
  5 merfolk (D)
  A tarantella (D)
  A hornet (D)
  A troll (D)
  2 hellwings (D)
  A raiju (D)
  A blink frog (D)
  3 slime creatures (D)
  3 jumping spiders (D)
  A yak (D)
  2 shadows (D)
  3 spriggans (D)
  6 air elementals (D)
  A basilisk (D)
  2 chaos spawn (D)
  Edmund (D)
  Duvessa (D)
  5 water moccasins (D)
  4 orc warriors (D)
  4 ogres (D)
  5 wolves (D)
  2 centaurs (D)
  A phantom (D)
  3 bullfrogs (D)
  2 necrophages (D)
  A brain worm (D)
  An earth elemental (D)
  7 scorpions (D)
  2 wights (D)
  Dowan (D)
  2 jellies (D)
  Jessica (D)
  A white imp (D)
  A spectral adder (D)
  2 adder skeletons (D)
  An adder zombie (D)
  5 bat skeletons (D)
  2 bat zombies (D)
  A ball python zombie (D)
  A giant cockroach zombie (D)
  A spectral giant cockroach (D)
181 creatures vanquished.

Vanquished Creatures (others)
  Psyche (D)
  An ufetubus (D)
2 creatures vanquished.

Grand Total: 183 creatures vanquished

Notes
Turn   | Place    | Note
-------+----------+-------------------------------------------
     0 | D        | Minsecho the Oni Gladiator began the quest for the Orb.
     0 | D        | Reached XP level 1. HP: 22/22 MP: 1/1
    18 | D        | Banished a spatial maelstrom
    22 | D        | Found a blossoming altar of Fedhas.
    22 | D        | Found the +6 Majin-Bo {spellvamp, MP+6 Int+6}
    22 | D        | Found the +27 heavy crossbow "Sniper" {heavy, Acc+∞ SInv}
    22 | D        | Found the +10 dark maul {heavy}
    22 | D        | Found the +15 Maxwell's patent armour {-Cast -Tele rElec
                  | Will+ rCorr}
    22 | D        | Found the +18 shield of the Gong {Loud rN+ Will+ rCorr
                  | EV-5}
    22 | D        | Found the +16 obsidian axe {drain, demonic, Mesm ^Drain Fly
                  | SInv}
    22 | D        | Found the +7 great mace "Firestarter" {flame, immolate,
                  | rFlCloud rF++}
    22 | D        | Found the +6 shillelagh "Devastator" {shatter}
    22 | D        | Found the +11 plutonium sword {^Contam Stlth-}
    22 | D        | Found the +8 lance "Wyrmbane" {slay drac, rPois rF+ rC+
                  | AC+3}
    22 | D        | Found the +9 sword of Zonguldrok {reap}
    22 | D        | Found the +13 scythe of Curses {drain, curses, ^Drain}
    22 | D        | Found the +9 sword of Power {lifebolt}
    22 | D        | Found the +7 mace of Variability {chaos, chaos arc}
    22 | D        | Found the +11 Singing Sword {sonic wave}
    22 | D        | Found the +8 storm bow {elec, penet}
    24 | D        | Found a viscous altar of Jiyva.
    24 | D        | Found a hazy altar of Hepliaklqana.
    24 | D        | Found a transporter.
    24 | D        | Found an opulent altar of Gozag.
    24 | D        | Found an ancient bone altar of Kikubaaqudgha.
    24 | D        | Found a corrupted altar of Lugonu.
    36 | D        | Found a burning altar of Makhleb.
    37 | D        | Found a sacrificial altar of Ru.
    37 | D        | Found a shimmering blue altar of Sif Muna.
    37 | D        | Found a stormy altar of Qazlal.
    37 | D        | Found a bloodstained altar of Trog.
    37 | D        | Found an iron altar of Okawaru.
    37 | D        | Found a sparkling altar of Nemelex Xobeh.
   119 | D        | Became a worshipper of Cheibriados the Contemplative
   139 | D        | Entered arena 2.
   139 | D        | Noticed a scorpion
   139 | D        | Noticed a scorpion
   139 | D        | Found a transporter.
   140 | D        | Killed a scorpion
   141 | D        | Reached skill level 5 in Maces & Flails
   141 | D        | Reached XP level 2. HP: 32/32 MP: 2/2
   141 | D        | Reached XP level 3. HP: 39/39 MP: 3/3
   142 | D        | Killed a scorpion
   142 | D        | Reached * piety under Cheibriados
   143 | D        | Reached skill level 6 in Maces & Flails
   143 | D        | Reached skill level 5 in Dodging
   143 | D        | Reached XP level 4. HP: 49/49 MP: 4/4
   143 | D        | Reached XP level 5. HP: 55/55 MP: 5/5
   158 | D        | Entered arena 3.
   158 | D        | Noticed a +2 short sword of venom
   158 | D        | Noticed a +4 vampiric trident
   158 | D        | Found a transporter.
   169 | D        | Reached skill level 5 in Fighting
   169 | D        | Reached skill level 7 in Maces & Flails
   169 | D        | Reached skill level 1 in Armour
   169 | D        | Reached skill level 1 in Shields
   175 | D        | Reached skill level 9 in Maces & Flails
   175 | D        | Reached skill level 5 in Armour
   175 | D        | Reached XP level 6. HP: 40/71 MP: 6/6
   184 | D        | Killed a +2 short sword of venom
   184 | D        | Reached ** piety under Cheibriados
   185 | D        | Reached skill level 10 in Maces & Flails
   185 | D        | Reached skill level 5 in Shields
   185 | D        | Reached XP level 7. HP: 38/81 MP: 7/7
   185 | D        | Reached XP level 8. HP: 42/89 MP: 8/8
   200 | D        | Killed a +4 vampiric trident
   201 | D        | Reached skill level 11 in Maces & Flails
   350 | D        | Entered arena 4.
   350 | D        | Noticed a raiju
   350 | D        | Found a transporter.
   358 | D        | Killed a raiju
   358 | D        | Reached *** piety under Cheibriados
   359 | D        | Reached XP level 9. HP: 98/98 MP: 9/9
   369 | D        | Got the Compendium of the Tropics
   375 | D        | Entered arena 5.
   375 | D        | Found a transporter.
   378 | D        | Reached **** piety under Cheibriados
   388 | D        | Reached ***** piety under Cheibriados
   396 | D        | Got the ring of the City {rC+ Int+5}
   403 | D        | Entered arena 6.
   403 | D        | Noticed a tarantella
   403 | D        | Found a transporter.
   412 | D        | Killed a tarantella
   413 | D        | Reached skill level 12 in Maces & Flails
   422 | D        | Reached skill level 10 in Fighting
   444 | D        | Got the Octavo of Calefaction
   448 | D        | Entered arena 7.
   458 | D        | Reached ****** piety under Cheibriados
   464 | D        | Reached skill level 1 in Spellcasting
   464 | D        | Found a transporter.
   481 | D        | Entered arena 8.
   481 | D        | Noticed a vault guard
   481 | D        | Noticed an ironbound convoker
   481 | D        | Noticed a glowing orange brain
   482 | D        | Noticed a vault guard
   483 | D        | Noticed a vault guard
   491 | D        | Killed a vault guard
   492 | D        | Reached skill level 10 in Shields
   492 | D        | Reached skill level 5 in Invocations
   492 | D        | Reached XP level 10. HP: 104/111 MP: 10/14
   497 | D        | Killed an ironbound convoker
   513 | D        | Killed a vault guard
   515 | D        | Killed a glowing orange brain
   516 | D        | Reached skill level 13 in Maces & Flails
   516 | D        | Reached skill level 5 in Spellcasting
   521 | D        | Killed a vault guard
   611 | D        | Found a transporter.
   665 | D        | Entered arena 9.
   665 | D        | Noticed a spriggan druid
   667 | D        | Noticed a spriggan rider
   669 | D        | Killed a spriggan druid
   670 | D        | Reached XP level 11. HP: 82/123 MP: 13/21
   673 | D        | Killed a spriggan rider
   848 | D        | Found a transporter.
   887 | D        | Entered arena 10.
   897 | D        | HP: 2/124 [merfolk/+0 trident (9)]
   898 | D        | Reached skill level 14 in Maces & Flails
   902 | D        | Found a transporter.
  1103 | D        | Got the ring of Jealousy {+Blink rF- rN+ Will+}
  1111 | D        | Entered arena 11.
  1113 | D        | Reached skill level 10 in Invocations
  1114 | D        | Paralysed by an air elemental for 1 turns
  1256 | D        | Found a transporter.
  1277 | D        | Entered arena 12.
  1278 | D        | Noticed a spriggan druid
  1282 | D        | Reached skill level 15 in Maces & Flails
  1283 | D        | Killed a spriggan druid
  1285 | D        | Reached skill level 10 in Armour
  1285 | D        | Reached XP level 12. HP: 56/139 MP: 18/25
  1479 | D        | Found a transporter.
  1493 | D        | Got the ring of Ommy {Ice rN+ Will+++ Int-3 Dex+3}
  1499 | D        | Entered arena 13.
  1500 | D        | Noticed a rockslime
  1500 | D        | Noticed a great orb of eyes
  1500 | D        | Noticed a great orb of eyes
  1506 | D        | Killed a great orb of eyes
  1507 | D        | Reached skill level 10 in Spellcasting
  1507 | D        | Noticed an azure jelly
  1511 | D        | Killed a great orb of eyes
  1512 | D        | Reached skill level 16 in Maces & Flails
  1515 | D        | Killed a rockslime
  1515 | D        | Killed an azure jelly
  1518 | D        | Reached skill level 17 in Maces & Flails
  1536 | D        | Found a transporter.
  1680 | D        | Got the +1 gold dragon scales of Life {rPois rF+ rC+ rCorr
                  | Str+2}
  1687 | D        | Entered arena 14.
  1699 | D        | Noticed Duvessa
  1699 | D        | Noticed Jessica
  1699 | D        | Noticed Nessos
  1699 | D        | Identified the serpent talisman of the Unseen Realm {rF-
                  | rCorr Str+5 Dex+3}
  1699 | D        | Noticed Aizul
  1699 | D        | Noticed Psyche
  1699 | D        | Noticed Polyphemus
  1699 | D        | Noticed Harold
  1699 | D        | Noticed Maurice
  1699 | D        | Identified the +9 quarterstaff "Nifocy" {venom, rC- Str+2
                  | Dex+7}
  1699 | D        | Noticed Dowan
  1699 | D        | Noticed Josephine
  1700 | D        | Noticed Louise
  1700 | D        | Killed Jessica
  1702 | D        | Noticed Edmund
  1704 | D        | Killed Duvessa
  1706 | D        | Killed Psyche
  1707 | D        | Reached skill level 15 in Fighting
  1707 | D        | Killed Josephine
  1710 | D        | Killed Aizul
  1710 | D        | Killed Polyphemus
  1710 | D        | Killed Dowan
  1710 | D        | Killed Harold
  1710 | D        | Killed Edmund
  1710 | D        | Killed Nessos
  1711 | D        | Reached skill level 18 in Maces & Flails
  1713 | D        | Killed Louise
  1714 | D        | Reached XP level 13. HP: 53/152 MP: 23/28
  1726 | D        | Killed Maurice
  1727 | D        | Reached skill level 1 in Evocations
  1731 | D        | Found a transporter.
  1786 | D        | Entered arena 15.
  1901 | D        | Noticed a ghoul
  1901 | D        | Noticed a vampire knight
  1902 | D        | Noticed a ghoul
  1902 | D        | Noticed a vampire knight
  1903 | D        | Noticed a vampire knight
  1910 | D        | Killed a ghoul
  1912 | D        | Killed a vampire knight
  1912 | D        | Killed a vampire knight
  1913 | D        | Reached skill level 19 in Maces & Flails
  1916 | D        | Killed a vampire knight
  1923 | D        | Killed a ghoul
  2172 | D        | Found a transporter.
  2205 | D        | Entered arena 16.
  2208 | D        | Noticed an orc warlord
  2223 | D        | Reached skill level 20 in Maces & Flails
  2225 | D        | Killed an orc warlord
  2521 | D        | Found a transporter.
  2557 | D        | Entered arena 17.
  2566 | D        | Noticed a ghoul
  2575 | D        | Killed a ghoul
  2575 | D        | Noticed a ghoul
  2591 | D        | Killed a ghoul
  2813 | D        | Found a transporter.
  2819 | D        | Got the ring of Pocy {rF+ rCorr Str+2 Dex+6 Slay+3}
  2876 | D        | Entered arena 18.
  2886 | D        | Noticed a vault guard
  2886 | D        | Noticed a vault guard
  2886 | D        | Noticed a vault guard
  2886 | D        | Found the ring of the Tortoise {AC+8}
  2886 | D        | Noticed a stone giant
  2886 | D        | Noticed a vault guard
  2886 | D        | Noticed a vault guard
  2887 | D        | Noticed a stone giant
  2887 | D        | Noticed a vault guard
  2888 | D        | Noticed a stone giant
  2892 | D        | Killed a vault guard
  2897 | D        | Noticed a stone giant
  2900 | D        | Noticed a vault guard
  2900 | D        | Killed a vault guard
  2900 | D        | Killed a vault guard
  2901 | D        | Reached skill level 21 in Maces & Flails
  2901 | D        | Noticed a vault guard
  2905 | D        | Killed a vault guard
  2906 | D        | Reached XP level 14. HP: 161/167 MP: 30/32
  2910 | D        | Killed a stone giant
  2915 | D        | Killed a stone giant
  2918 | D        | Killed a stone giant
  2923 | D        | Killed a stone giant
  2946 | D        | Found a transporter.
  2957 | D        | Got Atuyklel's Grimoire of Leadership
  2961 | D        | Got Tierat's Directory of Mortuary Detritus
  2963 | D        | Got the Compilation of Compression
  2992 | D        | Entered arena 19.
  3011 | D        | Reached skill level 15 in Spellcasting
  3019 | D        | Reached skill level 22 in Maces & Flails
  3062 | D        | Found a transporter.
  3066 | D        | Reached skill level 15 in Armour
  3081 | D        | Got the amulet of the Griffon {Spirit Dex+3}
  3123 | D        | Entered arena 20.
  3128 | D        | Noticed Osi Eniz the pandemonium lord
  3128 | D        | Noticed Qucran the pandemonium lord
  3128 | D        | Noticed a demonspawn blood saint
  3128 | D        | Noticed a balrug
  3128 | D        | Noticed Eceful the pandemonium lord
  3128 | D        | Noticed a balrug
  3130 | D        | Reached skill level 15 in Invocations
  3131 | D        | Reached skill level 10 in Throwing
  3138 | D        | Killed a balrug
  3144 | D        | Killed a demonspawn blood saint
  3148 | D        | Killed a balrug
  3149 | D        | HP: 12/261 [Qucran the pandemonium lord (20)]
  3150 | D        | Killed Qucran the pandemonium lord
  3150 | D        | Killed from afar by a smoke demon

Illustrated notes

Levels and vault maps discovered:
D:        sprint_v [room_start, room_1, room_2, room_3, room_4, room_5, room_6,
          room_7, room_8, room_9, room_10, room_11, room_12, room_13, room_14,
          room_15, room_16, room_17, room_18, room_19, room_20, room_21,
          room_22, room_23, room_24, room_25, room_26, room_27]

Skill      XL: |  1  2  3  4  5  6  7  8  9 10 11 12 13 14 |
---------------+-------------------------------------------+-----
Fighting       | 4 7 8 9 10 12 14 15 17 19 | 19.9
Maces & Flails | 5 6 9 10 11 12 13 15 18 21 22 | 22.8
Dodging        | 4 5 6 7 |  7.6
Throwing       | 3 4 6 7 8 10 | 10.4
Armour         | 5 6 7 8 10 12 14 15 | 15.3
Shields        | 3 5 7 10 11 | 11.7
Invocations    | 5 8 11 13 14 15 | 15.1
Spellcasting   | 2 6 9 11 14 15 | 15.8
Evocations     | 2 3 |  3.2

Action                     |  1- 3 |  4- 6 |  7- 9 | 10-12 | 13-15 || total
---------------------------+-------+-------+-------+-------+-------++-------
  Melee: Demon whip        |     3 |    19 |    73 |    26 |       ||   121
         Headbutt          |       |     6 |    14 |    19 |    34 ||    73
         Great mace        |       |       |       |    38 |   125 ||   163
  Throw: Throwing net      |       |       |       |     1 |       ||     1
         Large rock        |       |       |       |       |     5 ||     5
 Invoke: Slouch            |       |       |       |     7 |     6 ||    13
  Evoke: Wand              |       |       |     1 |     3 |     7 ||    11
    Use: Potion            |       |     6 |     1 |    12 |     9 ||    28
         Scroll            |       |       |       |       |    12 ||    12
   Stab: Invisible         |       |       |     1 |       |     1 ||     2
 Armour: Storm dragon scal |     1 |    28 |    15 |       |       ||    44
         Gold dragon scale |       |       |     3 |   151 |   187 ||   341
  Dodge: Dodged            |       |     2 |     4 |    40 |    65 ||   111
  Block: Kite shield       |     1 |    50 |    87 |    38 |       ||   176
